AoeStats
← El Fantasma de Pancho Villa

Nomad

506557632Analyzed
4v4 RM · 19d ago on Sep 14, 2026· 61m 53s· 8 players
Game mode
Random Map
Map size
231×231
Population
200
Speed
Normal
Resources
Standard
Victory
Conquest
Starting age
Dark Age
Ending age
Imperial Age
RankedLock teamsTeams togetherTeam positionsShared explorationLock speedFull tech treeHidden civsTurbo modeCheats
Victory
Defeat
🇨🇱 Sicilians · Chile
1253
+13
🇺🇸 Bohemians · United States
1195
+16
🇨🇦 Japanese · Canada
1153
+18
🇺🇸 Ethiopians · United States
1104
+20
🇨🇱 Tupi · Chile
1355
-23
🇨🇱 Slavs · Chile
1220
-18
🇨🇱 Persians · Chile
1122
-14
🇨🇱 Shu · Chile
1065
-12
El Fantasma de Pancho Villa
5:04 Loom
17:14 Feudal Age
20:45 Castle Age
18:59 Stone Mining
19:09 Double-Bit Axe
19:21 Gold Mining
20:51 Wheelbarrow
20:23 Horse Collar
21:27 Fletching
21:38 Padded Archer Armor
21:36 Fishing Lines
24:59 Leather Archer Armor
26:58 Bodkin Arrow
28:15 Scale Mail Armor
32:54 Imperial Age
31:35 Crossbowman
32:53 Bow Saw
33:41 Gold Shaft Mining
34:53 Chemistry
35:14 Thumb Ring
36:10 Ballistics
36:04 Arbalester
38:11 Bracer
38:59 Hand Cart
40:41 Ring Archer Armor
43:30 Two-Man Saw
43:27 Elite Shotel Warrior
44:14 Royal Heirs
44:38 Chain Mail Armor
44:33 Forging
46:16 Plate Mail Armor
49:03 Iron Casting
51:09 Blast Furnace
Hoodedpancake
14:36 Feudal Age
14:49 Loom
18:21 Castle Age
16:13 Double-Bit Axe
16:10 Horse Collar
20:08 Bow Saw
20:25 Heavy Plow
22:16 Town Watch
24:47 Stone Mining
24:49 Gold Mining
25:59 Fletching
28:02 Ballistics
29:58 Bodkin Arrow
30:26 Guard Tower
32:34 Wheelbarrow
34:31 Yasama
36:15 Hand Cart
42:43 Imperial Age
43:25 Bracer
44:09 Keep
44:59 Chemistry
46:10 Pikeman
46:50 Squires
49:22 Conscription
50:58 Scale Mail Armor
51:09 Forging
51:43 Halberdier
56:02 Gold Shaft Mining
57:19 Chain Mail Armor
57:39 Iron Casting
Cuervo.AOE
11:43 Loom
14:12 Feudal Age
14:53 Double-Bit Axe
16:01 Horse Collar
16:44 Scale Barding Armor
18:32 Forging
23:57 Castle Age
23:51 Bloodlines
25:08 Bow Saw
25:48 Wheelbarrow
27:00 Light Cavalry
27:40 Husbandry
28:55 Fletching
34:31 Pikeman
36:00 Squires
36:02 Scale Mail Armor
39:26 Chain Mail Armor
44:09 Imperial Age
41:45 Heavy Plow
42:44 Man-at-Arms
43:09 Gambesons
44:25 First Crusade
44:43 Iron Casting
43:45 Long Swordsman
45:31 Plate Mail Armor
45:05 Two-Handed Swordsman
46:46 Crop Rotation
47:06 Champion
48:36 Halberdier
52:20 Arson
54:28 Blast Furnace
59:50 Conscription
60:16 Cavalier
62:23 Chain Barding Armor
OfFspRlNg
14:49 Feudal Age
16:16 Loom
18:59 Castle Age
16:57 Double-Bit Axe
17:38 Fishing Lines
19:26 Horse Collar
21:21 Fletching
21:52 Bow Saw
21:43 Heavy Plow
34:22 Imperial Age
32:38 Bodkin Arrow
34:36 Chemistry
37:50 Pikeman
38:25 Elite Hussite Wagon
39:59 Wheelbarrow
41:03 Wagenburg Tactics
41:43 Hand Cart
41:30 Squires
43:44 Conscription
46:06 Husbandry
47:12 Houfnice
48:12 Siege Engineers
49:23 Bracer
49:47 Halberdier
51:22 Scale Mail Armor
51:32 Forging
51:49 Fervor
52:36 Ballistics
53:35 Sanctity
53:44 Town Watch
54:56 Chain Mail Armor
55:16 Iron Casting
58:21 Treadmill Crane
59:59 Town Patrol
62:27 Medium Warships
62:31 Clinker Construction
62:32 Careening
[MW'] Tm0
5:05 Loom
13:29 Feudal Age
14:14 Double-Bit Axe
19:40 Castle Age
19:23 Fletching
20:35 Medium Warships
21:35 Bow Saw
23:52 Fishing Lines
24:53 Bodkin Arrow
26:37 Gillnets
29:02 Horse Collar
29:18 Gold Mining
34:14 Imperial Age
32:50 Wheelbarrow
34:29 Elite Blackwood Archer
36:24 Hand Cart
36:43 Ballistics
38:33 Chemistry
38:20 Padded Archer Armor
39:06 Scale Mail Armor
39:17 Forging
39:14 Heavy Plow
39:41 Bracer
39:31 Champi Runner
40:19 Squires
40:05 Arson
40:51 Curare
40:41 Champi Warrior
41:41 Chain Mail Armor
42:18 Elite Champi Warrior
43:33 Plate Mail Armor
46:38 Iron Casting
48:44 Heavy Warships
49:35 Leather Archer Armor
55:15 Ring Archer Armor
55:56 Conscription
57:49 Town Watch
cavidal1
4:27 Loom
14:00 Feudal Age
19:28 Castle Age
20:05 Fishing Lines
20:37 Gillnets
23:03 Scale Barding Armor
27:54 Forging
32:38 Husbandry
33:03 Detinets
36:02 Fletching
38:56 Bloodlines
42:07 Wheelbarrow
45:01 Double-Bit Axe
47:58 Imperial Age
56:35 Town Watch
57:29 Man-at-Arms
58:24 Long Swordsman
darknicolascage
9:04 Loom
13:59 Feudal Age
15:47 Double-Bit Axe
20:28 Castle Age
18:38 Scale Barding Armor
19:43 Forging
20:46 Bloodlines
21:17 Chain Barding Armor
22:20 Husbandry
26:45 Gold Mining
30:26 Horse Collar
31:38 Heavy Plow
44:09 Imperial Age
42:57 Iron Casting
43:53 Gold Shaft Mining
44:04 Cavalier
45:28 Plate Barding Armor
45:54 Blast Furnace
47:49 Savar
53:40 Light Cavalry
Buforbotzo
4:54 Loom
17:36 Feudal Age
18:07 Town Watch
21:11 Double-Bit Axe
22:05 Wheelbarrow
21:51 Gold Mining
26:47 Castle Age
25:48 Fletching
25:59 Padded Archer Armor
26:38 Fishing Lines
27:06 Crossbowman
28:19 Bow Saw
28:12 Gillnets
29:10 Hand Cart
30:19 Gold Shaft Mining
30:44 Bodkin Arrow
32:16 Thumb Ring
32:27 Leather Archer Armor
32:44 Ballistics
35:59 Town Patrol
36:17 Squires
36:03 Arson
37:22 Pikeman
43:39 Imperial Age
43:48 Arbalester
44:42 Bracer
44:31 Capped Ram
46:42 Siege Ram
53:14 Conscription
54:20 Bolt Magazine
55:39 Ring Archer Armor
Connection lost

Rejoining the realm…

Still unreachable

The connection could not be restored.

Session expired

The server has moved on; the page needs a fresh start.